 Dungeon Crawl Stone Soup version 0.27-a0-1177-g245c70e1c0 (webtiles) character file.

Game seed: 8384472587250141670

2764 Glokmah the Cleaver (level 9, -2/86 HPs)
             Began as a Minotaur Fighter on May 16, 2021.
             Was a Believer of Okawaru.
             Slain by a vampire (9 damage)
             ... on level 6 of the Dungeon.
             The game lasted 00:10:44 (5466 turns).

Glokmah the Cleaver (Minotaur Fighter)              Turns: 5466, Time: 00:10:46

Health: -2/86      AC: 11    Str: 22    XL:     9   Next: 42%
Magic:  6/8        EV: 11    Int:  5    God:    Okawaru [**....]
Gold:   351        SH: 13    Dex: 12    Spells: 8/8 levels left

rFire    . . .     SeeInvis .   a - +1 war axe (freeze)
rCold    . . .     Faith    .   c - +0 kite shield
rNeg     . . .     Spirit   .   v - +0 scale mail
rPois    .         Reflect  .   f - +2 hat {Will+}
rElec    .         Harm     .   (no cloak)
rCorr    .         Rampage  .   (no gloves)
Will     ++...                  (no boots)
Stlth    +.........             (no amulet)
HPRegen  0.24/turn              j - ring of willpower
MPRegen  0.11/turn              (no ring)

@: heroic
A: horns 2, retaliatory headbutt
a: Renounce Religion, Heroism


You were on level 6 of the Dungeon.
You worshipped Okawaru.
Okawaru was pleased with you.
You visited 2 branches of the dungeon, and saw 7 of its levels.
You also visited: Ossuary.

You collected 351 gold pieces.

Inventory:

Hand Weapons
 a - a +1 war axe of freezing (weapon)
 b - a +1 vorpal hand crossbow
Missiles
 o - 90 stones (quivered)
 q - 3 atropa-tipped darts
 u - a curare-tipped dart
 w - 7 poisoned darts
 x - 41 bolts
Armour
 c - a +0 kite shield (worn)
 f - a +2 hat of willpower (worn)
 v - a +0 scale mail (worn)
Jewellery
 j - a ring of willpower (left hand)
Wands
 p - a wand of iceblast (16)
Scrolls
 e - 7 scrolls of teleportation
 i - a scroll of fear
 k - a scroll of fog
 n - 2 scrolls of identify
 s - a scroll of magic mapping
Potions
 d - a potion of might
 g - 6 potions of haste
 h - 2 potions of magic
 l - a potion of resistance
 m - a potion of curing
 r - a potion of heal wounds {unknown}
 t - a potion of brilliance


   Skills:
 + Level 10.3(15.3) Fighting
 * Level 11.1(16.1) Axes
 * Level 8.9(13.9) Armour
 + Level 8.6(13.6) Shields


You had 8 spell levels left.
You didn't know any spells.
Your spell library contained the following spells:

 Spells                   Type           Power      Damage    Failure   Level
 Confusing Touch          Hex            0%         N/A       98%         3
 Gell's Gravitas          Tloc           0%         N/A       98%         3
 Petrify                  Tmut/Erth      0%         N/A       100%        4
 Metabolic Englaciation   Hex/Ice        0%         N/A       100%        5
 Yara's Violent Unravell  Hex/Tmut       0%         3d3       100%        5


Dungeon Overview and Level Annotations

Branches:
Dungeon (6/15)             Temple (1/1) D:5         Ossuary (visited)

Altars:
Ashenzari
Cheibriados
Dithmenos
Elyvilon
Fedhas
Gozag
Hepliaklqana
Kikubaaqudgha
Okawaru
Qazlal
Ru
Trog
Vehumet
Wu Jian
Xom
Yredelemnul
Zin
The Shining One

Shops:
D:1 *   D:6 :

Annotations:
D:6 1 transporter


Innate Abilities, Weirdness & Mutations

You have a pair of horns on your head.
You reflexively headbutt those who attack you in melee.


Message History

Okay, then.
You gain the combat prowess of a mighty hero.
You block Gilette's ghost's attack. Something hits you!
* * * LOW HITPOINT WARNING * * *
Something bites you but does no damage.
You hit Gilette's ghost. You freeze Gilette's ghost.
Gilette's ghost is almost destroyed.
You barely miss something. Gilette's ghost closely misses you.
You closely miss Gilette's ghost.
Gilette's ghost is almost destroyed.
You miss something. You block something's attack. Something bites you!
* * * LOW HITPOINT WARNING * * *
Something draws strength from your injuries!
Unknown command.
You feel better. You block Gilette's ghost's attack.
Something hits you but does no damage. Something bites you but does no damage.
You feel better.
Gilette's ghost hits you but does no damage.
Something hits you but does no damage. You block something's attack.
You barely miss Gilette's ghost.
Gilette's ghost is almost destroyed.
You hit something but do no damage. You block Gilette's ghost's attack.
You block something's attack. Something bites you but does no damage.
You slice Gilette's ghost!! You freeze Gilette's ghost.
You destroy Gilette's ghost!
Okawaru accepts your kill.
You hit something but do no damage. Something hits you.
* * * LOW HITPOINT WARNING * * *
Something bites you.
* * * LOW HITPOINT WARNING * * *
Something draws strength from your injuries!
You closely miss something. You hit something but do no damage.
You hit the mummy but do no damage. You block something's attack.
Something bites you!
* * * LOW HITPOINT WARNING * * *
Something draws strength from your injuries!
You slash something! You hit the mummy. Something hits you.
* * * LOW HITPOINT WARNING * * *
Something bites you!
You die...

#..##.#...# ###..........
##..#.#.#.## ######.....
####........##### #.....
#.......©.......# #.....
#.#############.# #.....
#.#...........#.# ##....
#.#...........#.#######.>.
#.#..##.{M##..#..........#
#.#..#8..@8#..#...########
#.#..##..†##..#.#..#######
#.#.....©.....#.##........
#.#..##...##..#........###
#.#..#8...8#..#...........
#.#..##...##..#.........##
#.#...........#....####...
#.#©[.........#.#.......<.
#.#############.#.....##.#


You could see a mummy.

Vanquished Creatures
  The ghost of Gilette the Digger, a novice GnEE of Gozag (D:6)
  Prince Ribbit (D:6)
  A wraith (Ossuary)
  Edmund (D:6)
  A water moccasin (D:5)
  3 ice beasts
  A sky beast (D:6)
  A centaur (D:6)
  2 necrophages
  2 ogres
  A kobold brigand (D:6)
  A wight (D:6)
  2 howler monkeys
  A bullfrog zombie (D:6)
  3 hounds (D:5)
  3 jellies
  A gnoll shaman (D:5)
  An orc priest (D:6)
  2 iguanas
  3 scorpion zombies
  2 orc wizards (D:6)
  A killer bee zombie (D:4)
  A mummy (Ossuary)
  6 adders
  5 gnolls (D:5)
  An adder zombie (D:3)
  2 adder skeletons
  3 worms
  5 orcs
  4 bats
  7 endoplasms
  A giant cockroach (D:4)
  9 goblins
  6 hobgoblins
  5 jackals (D:1)
  10 kobolds
  A quokka (D:2)
  5 ball pythons
  A ball python skeleton (D:3)
  4 frilled lizards
  11 gnoll skeletons (Ossuary)
  6 kobold skeletons (Ossuary)
  8 orc skeletons (Ossuary)
  A quokka skeleton (D:3)
  6 rats
143 creatures vanquished.

Vanquished Creatures (collateral kills)
  2 orcs (D:4)
2 creatures vanquished.

Vanquished Creatures (others)
  A phantom (D:5)
  4 withered plants (D:3)
5 creatures vanquished.

Grand Total: 150 creatures vanquished

Notes
Turn   | Place    | Note
-------+----------+-------------------------------------------
     0 | D:1      | Glokmah the Minotaur Fighter began the quest for the Orb.
     0 | D:1      | Reached XP level 1. HP: 19/19 MP: 0/0
   116 | D:1      | Found Veuloloi's General Store.
   131 | D:1      | Reached XP level 2. HP: 25/27 MP: 1/1
   179 | D:1      | Reached skill level 3 in Axes
   819 | D:2      | Reached XP level 3. HP: 33/33 MP: 2/2
  1321 | D:3      | Reached skill level 4 in Axes
  1321 | D:3      | Reached XP level 4. HP: 12/40 MP: 3/3
  1979 | D:3      | Reached XP level 5. HP: 47/47 MP: 4/4
  2125 | D:4      | Reached skill level 9 in Axes
  2125 | D:4      | Reached XP level 6. HP: 64/64 MP: 5/5
  2490 | D:4      | Identified a scroll of acquirement
  2490 | D:4      | Acquired a +2 hat of willpower
  2968 | D:5      | Entered Level 5 of the Dungeon
  2974 | D:5      | Reached XP level 7. HP: 70/70 MP: 6/6
  3119 | D:5      | Reached skill level 10 in Axes
  3279 | D:5      | Reached XP level 8. HP: 79/79 MP: 7/7
  3444 | D:5      | Found a staircase to the Ecumenical Temple.
  3451 | Temple   | Entered the Ecumenical Temple
  3671 | Temple   | Became a worshipper of Warmaster Okawaru
  3981 | D:6      | Found a transporter.
  3983 | D:6      | Noticed Gilette's ghost (novice GnEE)
  4092 | D:6      | Found a sand-covered staircase.
  4092 | D:6      | Noticed Prince Ribbit
  4102 | Ossuary  | Entered an ossuary
  4516 | Ossuary  | Reached skill level 10 in Fighting
  4679 | D:6      | Killed Prince Ribbit
  4679 | D:6      | Reached * piety under Okawaru
  4760 | D:6      | Noticed Edmund
  4771 | D:6      | Killed Edmund
  4772 | D:6      | Reached XP level 9. HP: 84/85 MP: 5/8
  4964 | D:6      | Found Ygro's Book Shoppe.
  5075 | D:6      | Found a transporter.
  5449 | D:6      | Reached ** piety under Okawaru
  5450 | D:6      | Reached skill level 11 in Axes
  5463 | D:6      | Killed Gilette's ghost
  5466 | D:6      | Slain by a vampire

Illustrated notes

Levels and vault maps discovered:
D:1:      ncdulo_smallfort, layout_basic, serial_shops,
          nicolae_shop_statue_plus, minivault_24
D:2:      layout_rooms, chequers_serial_rivers_micro_b
D:3:      layout_loops_cross, serial_undead, serial_undead_d, serial_undead_c,
          serial_undead_e, serial_undead_e, serial_undead_c, serial_undead_c,
          serial_undead_e, serial_undead_e, grunt_ministairs_1
D:4:      layout_cave_pods
D:5:      layout_cave_pools, minmay_temple_entry_waves, kennysheep_small_spiral,
          lemuel_old_faithful
D:6:      layout_rooms, nemelex_spade_bored_becter, serial_shops, shop,
          gammafunk_ghost_mausoleum, enter_ossuary_3, uniq_prince_ribbit1,
          uniq_edmund
Temple:   eino_narrow_crystal_temple

Skill      XL: |  1  2  3  4  5  6  7  8  9 |
---------------+----------------------------+-----
Axes           | 3 4 9 10 11 | 11.1
Armour         | 4 7 8 |  8.9
Shields        | 4 7 8 |  8.6
Fighting       | 4 9 10 | 10.3

Action                   |  1- 3 |  4- 6 |  7- 9 || total
-------------------------+-------+-------+-------++-------
Melee: War axe           |    82 |    62 |   145 ||   289
       Headbutt          |     8 |    13 |    25 ||    46
Throw: Stone             |       |       |     1 ||     1
Invok: Heroism           |       |       |     3 ||     3
  Use: Scroll            |       |    14 |     4 ||    18
       Potion            |       |     1 |     3 ||     4
Armor: Scale mail        |    57 |    19 |    78 ||   154
Dodge: Dodged            |    33 |    18 |    38 ||    89
Block: Kite shield       |    58 |    36 |    94 ||   188

Table legend: (Time is in decaauts)
 A = Elapsed time spent in this place.
 B = Non-inter-level travel time spent in this place.
 C = Inter-level travel time spent in this place.
 D = Time resting spent in this place.
 E = Time spent auto-exploring this place.
 F = Levels seen in this place.
 G = Mean time per level.
                   A        B        C        D        E       F      G
               +--------+--------+--------+--------+--------+-----+--------+
         Total |   5563 |   4969 |    594 |    550 |   3163 |   8 |  695.4 |
       Dungeon |   4742 |   4175 |    567 |    234 |   2867 |   6 |  790.3 |
        Temple |    235 |    208 |     27 |      0 |    206 |   1 |  235.0 |
       Ossuary |    585 |    585 |      0 |    316 |     90 |   1 |  585.0 |
               +--------+--------+--------+--------+--------+-----+--------+

Top non-repeatable levels by time:
     D:4: 915 daAuts
     D:3: 897 daAuts
     D:1: 873 daAuts
     D:5: 798 daAuts
     D:6: 678 daAuts
 Ossuary: 585 daAuts
     D:2: 579 daAuts
  Temple: 235 daAuts
